 Dungeon Crawl Stone Soup version 0.26-a0-958-gf3041fb45f (webtiles) character file.

Game seed: 4302442037845268778

152054 PentaManta the Brawler (level 17, -2/169 HPs)
             Began as a Troll Monk on Nov 30, 2020.
             Was the Champion of Elyvilon.
             Slain by an anaconda (3 damage)
             ... on level 3 of the Snake Pit on Dec 1, 2020.
             The game lasted 01:30:38 (30503 turns).

PentaManta the Brawler (Troll Monk)                Turns: 30503, Time: 01:30:38

Health: -2/169     AC:  0    Str: 28    XL:     17   Next: 2%
Magic:  16/16      EV: 18    Int:  6    God:    Elyvilon [******]
Gold:   3410       SH:  0    Dex: 12    Spells: 16/16 levels left

rFire    . . .     SeeInvis .     - Unarmed
rCold    . . .     Faith    .   (shield currently unavailable)
rNeg     . . .     Spirit   .   (armour currently unavailable)
rPois    .         Reflect  .   (helmet currently unavailable)
rElec    .         Harm     .   (cloak currently unavailable)
rCorr    .         Rampage  .   (gloves unavailable)
MR       +....                  (boots unavailable)
Stlth    ++........             j - amulet of regeneration
HPRegen  1.18/turn              (ring currently unavailable)
MPRegen  0.15/turn              (ring currently unavailable)

@: pig-form, hasted and slowed, constricted, very quick
A: small, unfitting armour, regeneration 1
a: Lesser Healing, Heal Other, Purification, Greater Healing, Divine Vigour,
Divine Protection, Renounce Religion


You were on level 3 of the Snake Pit.
You worshipped Elyvilon.
Elyvilon was exalted by your worship.
You were a filthy swine.
You visited 5 branches of the dungeon, and saw 27 of its levels.
You also visited: Gauntlet, Ice Cave and Volcano.

You collected 3410 gold pieces.

Inventory:

Hand Weapons
 q - a +3 dagger of venom
 Z - a +2 dagger of electrocution
Missiles
 d - 18 large rocks (quivered)
 k - 31 javelins
 u - 20 curare-tipped darts
 v - 76 poisoned darts
 D - 9 atropa-tipped darts
 Y - a throwing net
Armour
 m - +0 acid dragon scales
 w - the +10 tower shield of Ignorance (melded) {rN+ Int-4}
   (You found it on level 14 of the Dungeon)

   It affects your intelligence (-4).
   It protects you from negative energy.
 y - a +2 hat (melded)
 J - a scarf of repulsion
 N - the +1 ice dragon scales of Jecuixap (melded) {Rampage rPois rF- rC++ rCorr Int+2}
   (You found it in an ice cave)

   It affects your intelligence (+2).
   It makes you vulnerable to fire.
   It greatly protects you from cold.
   It protects you from poison.
   It provides partial protection from all sources of acid and corrosion.
   It bestows one free step when moving towards enemies.
 P - a +0 cloak (melded)
Jewellery
 a - a cursed -4 ring of protection {unknown}
 j - an amulet of regeneration (around neck)
 t - the ring of Diyz {rPois Str+4 Int+5}
   (You found it on level 12 of the Dungeon)

   [ring of poison resistance]

   It affects your strength (+4).
   It affects your intelligence (+5).
   It protects you from poison.
 A - a +4 ring of slaying
 C - a +4 ring of evasion
 H - the ring "Zam Nupn" (melded) {rElec rF+}
   (You took it off an orc on level 7 of the Dungeon)

   [ring of protection from fire]

   It protects you from fire.
   It insulates you from electricity.
 R - the amulet of Birdsong {Spirit rC+}
   (You took it off a boggart in a Gauntlet)

   [amulet of guardian spirit]

   It causes incoming damage to be split between your health and magic.
   It protects you from cold.
 T - the ring of Prescription {+Inv +Fly rF- Slay+2}
   (You acquired it on level 3 of the Lair of Beasts)

   [ring of flight]

   It affects your accuracy and damage with ranged weapons and melee attacks
   (+2).
   It makes you vulnerable to fire.
   It lets you turn invisible.
   It lets you fly.
 X - the ring "Zutoimyi" (melded) {rPois rF+ Int+4}
   (You found it in a Gauntlet)

   [ring of protection from fire]

   It affects your intelligence (+4).
   It protects you from fire.
   It protects you from poison.
Wands
 l - a wand of acid (9)
 r - a wand of flame (84)
 U - a wand of iceblast (8)
Scrolls
 b - 10 scrolls of remove curse
 c - 3 scrolls of magic mapping
 f - 6 scrolls of fog
 g - 4 scrolls of enchant armour
 h - 6 scrolls of identify
 i - 4 scrolls of blinking
 s - a scroll of summoning
 L - 2 scrolls of enchant weapon
 M - 10 scrolls of teleportation
Potions
 e - 9 potions of lignification
 n - 5 potions of flight
 p - 5 potions of curing
 x - a potion of heal wounds
 B - a potion of berserk rage
 E - 3 potions of cancellation
 F - 4 potions of resistance
 G - 3 potions of ambrosia
 Q - 3 potions of mutation
 S - a potion of haste
 V - 4 potions of might
 W - 2 potions of invisibility


   Skills:
 - Level 10.8 Fighting
 - Level 12.8 Armour
 - Level 11.2 Dodging
 - Level 1.0 Stealth
 * Level 13.6 Shields
 - Level 16.1 Unarmed Combat


You had 16 spell levels left.
You didn't know any spells.
Your spell library contained the following spells:

 Spells                   Type           Power        Failure   Level
 Animate Skeleton         Necr           #.....       45%         1
 Apportation              Tloc           #.....       45%         1
 Corona                   Hex            #......      45%         1
 Magic Dart               Conj           #...         45%         1
 Summon Small Mammal      Summ           #...         45%         1
 Searing Ray              Conj           #.....       58%         2
 Dazzling Flash           Conj/Hex       #.....       83%         3
 Fulminant Prism          Conj/Hex       #.........   99%         4
 Iskenderun's Mystic Bla  Conj/Tloc      #.......     99%         4


Dungeon Overview and Level Annotations

Branches:
Dungeon (15/15)            Temple (1/1) D:7            Lair (6/6) D:11
  Swamp (0/4) Lair:2        Snake (3/4) Lair:3        Slime (0/5) Lair:5
    Orc (2/2) D:10            Elf (0/3) Orc:2        Vaults (0/5) D:14
 Depths (0/5) D:15          IceCv (visited)         Volcano (visited)
Gauntlet (visited)

Altars:
Ashenzari
Cheibriados
Dithmenos
Elyvilon
Fedhas
Gozag
Hepliaklqana
Kikubaaqudgha
Makhleb
Nemelex Xobeh
Okawaru
Qazlal
Ru
Sif Muna
Trog
Uskayaw
Vehumet
Wu Jian
Xom
Yredelemnul
Zin
The Shining One
Beogh

Shops:
Orc:2 [:=   Snake:2 *

Annotations:
D:12 lair stone invo evoInv
Lair:1 exclusion: oklob plant
Snake:3 Kirke


Innate Abilities, Weirdness & Mutations

You are too large for most types of armour.
((You have claws for hands.))
Your natural rate of healing is unusually fast.
((You are covered in fur. (AC +1)))
((You have extremely tough skin. (AC +3)))


Message History

Kirke hits you.
* * * LOW HITPOINT WARNING * * *
The hog barely misses you. The anaconda misses you.
The anaconda barely misses you. The anaconda misses you.
The anaconda closely misses you.
The manticore flicks its tail.
The volley of spikes misses you. The anaconda completely misses you.
The anaconda bites you!
* * * LOW HITPOINT WARNING * * *
The hog misses you. Kirke hits you!
* * * LOW HITPOINT WARNING * * *
The anaconda misses you. The anaconda barely misses you.
You feel yourself speed up. The anaconda closely misses you.
The anaconda misses you. The anaconda barely misses you.
The anaconda bites you!!
* * * LOW HITPOINT WARNING * * *
Kirke completely misses you. The anaconda grabs you. The anaconda bites you.
* * * LOW HITPOINT WARNING * * *
You die...

...........
............#
.............#
..............##
........##......##
.......## #.....##
........# #.....##
...#..... #.....#
.####..... #.[h..# .#
#..... #.@Sh.# .#
#.....# ##..h..##
#.....###.H..H..#
#...............#
#...............# .
#...............# ..
#...............#
..####..............#


You could see Kirke (fast), a sphinx (summoned), an anaconda, a manticore
(summoned) and 2 hogs.

Vanquished Creatures
  Frances (D:13)
  The ghost of Rywnuynonna the Peltast, an adept HuWn of Kikubaaqudgha (Snake:1)
  Aizul (Snake:3)
  A fire giant (D:12)
  A nagaraja (Snake:3)
  An ironheart preserver (D:14)
  Nessos (D:15)
  A dire elephant (D:15)
  A minotaur (Gauntlet)
  Snorg (Lair:3)
  A death ooze (Gauntlet)
  Josephine (Lair:6)
  2 fire dragons
  An ice dragon (Lair:6)
  6 hydras
  2 catoblepae
  Fannar (D:12)
  A boulder beetle (Lair:3)
  10 naga warriors
  A hell beast (Gauntlet)
  2 centaur warriors (D:14)
  5 two-headed ogres
  7 anacondas
  3 tengu warriors
  7 death yaks
  6 naga sharpshooters
  An orc high priest (Orc:2)
  2 shock serpents (Snake:3)
  Urug (Lair:3)
  Sonja (Lair:4)
  A salamander mystic (Snake:3)
  4 sea snakes (Snake:3)
  5 unseen horrors
  A swamp dragon (Lair:6)
  3 naga ritualists
  2 bog bodies (Lair:2)
  2 lindwurms (Lair:6)
  12 ugly things
  10 mana vipers
  4 deep elf magi
  4 orc sorcerers (Orc:2)
  An orc knight (D:15)
  16 salamanders
  A wolf spider (D:15)
  5 cyclopes
  A worldbinder (Gauntlet)
  3 manticores
  2 slime creatures
  8 elephants
  Maurice (D:9)
  25 black mambas
  8 guardian serpents
  11 naga magi
  5 torpor snails (Lair:6)
  2 gargoyles (Volcano)
  10 cane toads
  3 ice statues (IceCv)
  A kobold demonologist (D:12)
  A freezing wraith (D:12)
  6 rime drakes
  6 komodo dragons
  2 ice devils (Lair:3)
  An anaconda simulacrum (Lair:4)
  2 efreet
  5 polar bears
  9 hornets
  8 trolls
  A tengu conjurer (D:13)
  3 tyrant leeches (Lair:6)
  12 blink frogs
  A dream sheep (Lair:6)
  The ghost of PentaManta the Slinger, an amateur HaHu (D:5)
  A shadow (D:15)
  2 centaur simulacra (Gauntlet)
  8 wraiths
  A vampire (D:14)
  A fire elemental (Volcano)
  2 wyverns
  3 fire bats (Lair:5)
  4 water elementals
  42 yaks
  5 basilisks
  A hog (Snake:2)
  2 chaos spawn (Gauntlet)
  A neqoxec (Gauntlet)
  2 vampire mosquitoes (D:13)
  A steam dragon (Lair:6)
  4 wargs
  21 nagas
  Edmund (D:5)
  A hydra simulacrum (Lair:4)
  A hell hound (Gauntlet)
  22 water moccasins
  3 acid dragons
  A swamp drake (Lair:6)
  32 orc warriors
  9 sky beasts
  2 phantoms
  4 black bears
  16 ice beasts
  A necrophage (D:12)
  7 ogres
  A black mamba simulacrum (Lair:4)
  3 boggarts (Gauntlet)
  9 wolves
  12 centaurs
  28 bullfrogs
  3 big kobolds
  2 wyvern zombies
  4 scorpions
  6 killer bees
  6 wights (D:14)
  A howler monkey (D:12)
  11 electric eels
  4 crimson imps (D:4)
  3 centaur zombies
  3 quasits
  A wyvern simulacrum (Gauntlet)
  A komodo dragon simulacrum (Lair:4)
  2 bullfrog zombies
  7 jellies
  2 hounds
  25 orc priests
  A bullfrog skeleton (D:12)
  A gnoll shaman (D:6)
  A water moccasin simulacrum (Lair:4)
  7 centaur skeletons
  An iron imp (D:5)
  6 iguanas
  46 orc wizards
  7 worker ants
  A polar bear simulacrum (Lair:4)
  A bullfrog simulacrum (Gauntlet)
  2 hound zombies
  A hound skeleton (D:6)
  12 adders
  2 howler monkey skeletons
  10 gnolls
  2 white imps
  4 ufetubi
  5 oozes
  4 worms
  A dart slug (D:1)
  2 leopard geckos (D:2)
  87 orcs
  3 giant cockroaches
  5 goblins
  7 hobgoblins
  3 jackals (D:11)
  6 quokkas
  A ball python (D:7)
  5 bats
  3 frilled lizards
  A goblin skeleton (D:5)
  A goblin zombie (D:5)
  3 hobgoblin zombies (D:5)
  A jackal skeleton (D:4)
  12 kobolds
  2 kobold skeletons (D:5)
  3 kobold zombies (D:5)
  An orc skeleton (D:5)
  A quokka skeleton (D:3)
  3 quokka zombies
  5 rats
885 creatures vanquished.

Vanquished Creatures (others)
  An anaconda (Snake:3)
  A shock serpent (Snake:2)
  A naga (Snake:2)
  A water moccasin (Snake:3)
  An orc priest (Orc:2)
  An orc wizard (Orc:2)
  A fire vortex (D:12)
  9 fungi
  109 plants
125 creatures vanquished.

Grand Total: 1010 creatures vanquished

Notes
Turn   | Place    | Note
-------+----------+-------------------------------------------
     0 | D:1      | PentaManta the Troll Monk began the quest for the Orb.
     0 | D:1      | Reached XP level 1. HP: 22/22 MP: 0/0
   190 | D:1      | Reached XP level 2. HP: 29/29 MP: 1/1
   705 | D:2      | Reached XP level 3. HP: 19/36 MP: 2/2
   869 | D:2      | Reached skill level 4 in Unarmed Combat
  1009 | D:2      | Found an opulent altar of Gozag.
  1221 | D:2      | Found a burning altar of Makhleb.
  1226 | D:2      | Found a radiant altar of Vehumet.
  1433 | D:3      | Reached XP level 4. HP: 44/44 MP: 3/3
  1780 | D:3      | Reached skill level 5 in Unarmed Combat
  2021 | D:4      | Reached XP level 5. HP: 49/50 MP: 4/4
  2083 | D:4      | Found a shimmering altar of Xom.
  2091 | D:4      | Reached skill level 6 in Unarmed Combat
  2105 | D:4      | Reached XP level 6. HP: 59/59 MP: 5/5
  2560 | D:4      | Reached skill level 7 in Unarmed Combat
  2782 | D:5      | Entered Level 5 of the Dungeon
  2820 | D:5      | Found a transporter.
  2820 | D:5      | Noticed PentaManta's ghost (amateur HaHu)
  2821 | D:5      | Noticed a sky beast
  2848 | D:5      | Found a transporter.
  2850 | D:5      | Found a glowing golden altar of the Shining One.
  2943 | D:5      | Noticed Edmund
  2950 | D:5      | Killed Edmund
  2951 | D:5      | Reached XP level 7. HP: 66/66 MP: 6/6
  2960 | D:5      | Reached skill level 8 in Unarmed Combat
  3012 | D:5      | Found an iron altar of Okawaru.
  3217 | D:5      | Found a hazy altar of Hepliaklqana.
  3313 | D:5      | Found a sparkling altar of Nemelex Xobeh.
  3356 | D:5      | Reached skill level 9 in Unarmed Combat
  3726 | D:5      | Reached XP level 8. HP: 67/74 MP: 7/7
  3732 | D:5      | Killed PentaManta's ghost
  3828 | D:6      | Found a bloodstained altar of Trog.
  4453 | D:6      | Reached skill level 5 in Dodging
  4574 | D:6      | Reached XP level 9. HP: 69/84 MP: 8/8
  4653 | D:6      | Reached skill level 10 in Unarmed Combat
  5030 | D:7      | Found a runed translucent door.
  5030 | D:7      | Noticed a troll
  5055 | D:7      | Identified the ring "Astar" {rElec Str+4 Stlth-}
  5059 | D:7      | Noticed a two-headed ogre
  5085 | D:7      | Killed a two-headed ogre
  5104 | D:7      | Identified the amulet "Sadoet" {Fragile Regen+ Dex+2
                  | Stlth+}
  5225 | D:7      | Reached skill level 5 in Fighting
  5266 | D:7      | Identified the ring "Ruris" {Ice rElec Str+4}
  5305 | D:7      | Noticed a two-headed ogre
  5339 | D:7      | Killed a two-headed ogre
  5340 | D:7      | Reached XP level 10. HP: 58/96 MP: 9/9
  5491 | D:7      | Found an iron altar of Okawaru.
  5528 | D:7      | Noticed a two-headed ogre
  5602 | D:7      | Identified the ring "Zam Nupn" {rElec rF+}
  5603 | D:7      | Found a glowing silver altar of Zin.
  5765 | D:7      | Killed a two-headed ogre
  5866 | D:7      | Found a shimmering altar of Xom.
  5903 | D:7      | Reached skill level 11 in Unarmed Combat
  5916 | D:7      | Found a hide-covered altar of Uskayaw.
  6103 | D:7      | Found a staircase to the Ecumenical Temple.
  6118 | Temple   | Entered the Ecumenical Temple
  6215 | Temple   | Became a worshipper of Elyvilon the Healer
  6215 | Temple   | Reached * piety under Elyvilon
  6215 | Temple   | Reached ** piety under Elyvilon
  6411 | D:7      | Found a runed translucent door.
  6790 | D:8      | Noticed a two-headed ogre
  6799 | D:8      | Killed a two-headed ogre
  6941 | D:8      | Noticed a tengu warrior
  6958 | D:8      | Killed a tengu warrior
  7036 | D:8      | Noticed a red ugly thing
  7048 | D:8      | Killed a red ugly thing
  7049 | D:8      | Reached skill level 1 in Armour
  7049 | D:8      | Reached XP level 11. HP: 53/107 MP: 10/10
  7940 | D:9      | Noticed Maurice
  7957 | D:9      | Killed Maurice
  7987 | D:9      | Reached *** piety under Elyvilon
  8036 | D:9      | Found a snail-covered altar of Cheibriados.
  8179 | D:10     | Entered Level 10 of the Dungeon
  8241 | D:9      | Killed an unseen horror
  9099 | D:10     | Reached skill level 5 in Armour
  9120 | D:10     | Found a staircase to the Orcish Mines.
  9392 | D:11     | Noticed a white ugly thing
  9402 | D:11     | HP: 1/109 [white ugly thing (13)]
  9405 | D:11     | Elyvilon protects you from harm!
  9431 | D:11     | Killed a white ugly thing
  9566 | D:11     | Noticed a six-headed hydra
  9604 | D:11     | Killed a six-headed hydra
  9605 | D:11     | Reached skill level 12 in Unarmed Combat
  9683 | D:11     | Reached **** piety under Elyvilon
  9728 | D:11     | HP: 3/109 [centaur (5)]
  9730 | D:11     | Found a staircase to the Lair.
 10024 | D:11     | Noticed a death yak
 10031 | D:11     | Noticed a death yak
 10032 | D:11     | Noticed a death yak
 10054 | Lair:1   | Entered Level 1 of the Lair of Beasts
 10222 | Lair:1   | Reached ***** piety under Elyvilon
 10746 | Lair:1   | Killed a death yak
 10747 | Lair:1   | Reached XP level 12. HP: 33/119 MP: 11/11
 11120 | Lair:1   | Reached skill level 10 in Dodging
 11229 | Lair:2   | Found a staircase to the Swamp.
 11461 | Lair:2   | Reached skill level 13 in Unarmed Combat
 11979 | Lair:3   | Found a frozen archway.
 11998 | IceCv    | Entered an ice cave
 12261 | IceCv    | Got buzzing ice dragon scales
 12342 | Lair:3   | Identified a scroll of acquirement
 12342 | Lair:3   | Acquired the ring of Prescription {+Inv +Fly rF- Slay+2}
 12371 | Lair:3   | Identified the cursed +1 ice dragon scales of Jecuixap
                  | {Rampage rPois rF- rC++ rCorr Int+2} (You found it in an
                  | ice cave)
 12385 | Lair:3   | Noticed Snorg
 12405 | Lair:3   | Killed Snorg
 12446 | Lair:3   | Noticed a boulder beetle
 12458 | Lair:3   | Killed a boulder beetle
 12544 | Lair:3   | Reached skill level 14 in Unarmed Combat
 12551 | Lair:3   | Found a staircase to the Snake Pit.
 12590 | Lair:3   | Reached XP level 13. HP: 117/130 MP: 12/12
 12785 | Lair:3   | Noticed Urug
 12790 | Lair:3   | Killed Urug
 13932 | D:11     | Reached ****** piety under Elyvilon
 14440 | D:12     | Noticed a fire dragon
 14451 | D:12     | Killed a fire dragon
 14580 | D:12     | Noticed Fannar
 14588 | D:12     | Killed Fannar
 14625 | D:12     | Noticed a fire giant
 14640 | D:12     | Killed a fire giant
 14752 | D:12     | Got a flickering steel ring
 14756 | D:12     | Identified the ring of Diyz {rPois Str+4 Int+5} (You found
                  | it on level 12 of the Dungeon)
 15389 | D:13     | Found a gate leading to a gauntlet.
 15398 | Gauntlet | Entered a Gauntlet
 15398 | Gauntlet | Found a transporter.
 15404 | Gauntlet | Found a transporter.
 15407 | Gauntlet | Found a transporter.
 15415 | Gauntlet | Found a transporter.
 15419 | Gauntlet | Found a transporter.
 15421 | Gauntlet | Identified the amulet of Birdsong {Spirit rC+}
 15426 | Gauntlet | Found a runed translucent door.
 15429 | Gauntlet | Found a transporter.
 15431 | Gauntlet | Found a transporter.
 15439 | Gauntlet | Found a transporter.
 15443 | Gauntlet | Found a transporter.
 15450 | Gauntlet | Noticed a death ooze
 15452 | Gauntlet | Found a transporter.
 15472 | Gauntlet | Found a transporter.
 15484 | Gauntlet | Found a transporter.
 15496 | Gauntlet | Found a transporter.
 15508 | Gauntlet | Found a transporter.
 16152 | Gauntlet | Reached skill level 15 in Unarmed Combat
 16747 | Gauntlet | Reached skill level 1 in Shields
 16771 | Gauntlet | Killed a death ooze
 16783 | Gauntlet | Got a warped silver ring
 16798 | Gauntlet | Identified the ring "Zutoimyi" {rPois rF+ Int+4} (You found
                  | it in a Gauntlet)
 16833 | Gauntlet | Noticed a minotaur
 16843 | Gauntlet | Killed a minotaur
 17120 | Lair:4   | Noticed Sonja
 17140 | Lair:4   | Killed Sonja
 17141 | Lair:4   | Reached XP level 14. HP: 115/141 MP: 13/13
 17461 | Lair:3   | Reached skill level 10 in Armour
 17636 | Lair:4   | Found a transporter.
 17661 | Lair:4   | Found a transporter.
 17707 | Lair:4   | Reached skill level 10 in Fighting
 18337 | Lair:5   | Found a staircase to the Slime Pits.
 18571 | Lair:5   | Found a dark tunnel.
 18609 | Volcano  | Entered a volcano
 19338 | Lair:6   | Entered Level 6 of the Lair of Beasts
 19360 | Lair:6   | Reached skill level 5 in Shields
 19940 | Lair:6   | Found a runed translucent door.
 20145 | Lair:6   | Paralysed by a hornet for 1 turns
 20428 | Lair:6   | Noticed Josephine
 20442 | Lair:6   | Killed Josephine
 20691 | Lair:6   | Reached XP level 15. HP: 126/152 MP: 14/14
 21049 | Orc:1    | Entered Level 1 of the Orcish Mines
 21061 | Orc:1    | Reached skill level 16 in Unarmed Combat
 21259 | Orc:2    | Entered Level 2 of the Orcish Mines
 22591 | Orc:2    | Found Amakk's Jewellery Shoppe.
 22591 | Orc:2    | Found Zimumo Teug's Armour Emporium.
 22592 | Orc:2    | Found Katekh's Antique Armour Emporium.
 22595 | Orc:2    | Found Usmoeq's Book Shoppe.
 22747 | Orc:2    | Found a staircase to the Elven Halls.
 23456 | Snake:1  | Entered Level 1 of the Snake Pit
 24385 | D:13     | Found a roughly hewn altar of Beogh.
 24438 | D:13     | Noticed Frances
 24458 | D:13     | Killed Frances
 24845 | D:14     | Found the +10 tower shield of Ignorance {rN+ Int-4}
 25200 | D:14     | Found a gate to the Vaults.
 25910 | D:15     | Entered Level 15 of the Dungeon
 26533 | D:15     | Found a staircase to the Depths.
 26730 | D:15     | Noticed Nessos
 26739 | D:15     | Killed Nessos
 27181 | Snake:1  | Reached skill level 10 in Shields
 27357 | Snake:1  | Reached XP level 16. HP: 161/161 MP: 15/15
 27422 | Snake:1  | Found a runed translucent door.
 27423 | Snake:1  | Noticed Rywnuynonna's ghost (adept HuWn)
 27937 | Snake:1  | Killed Rywnuynonna's ghost
 28758 | Snake:2  | Found Eghisi's Assorted Antiques.
 29213 | Snake:3  | HP: 5/161 [naga warrior/+0 dire flail (5)]
 29425 | Snake:3  | Noticed Kirke
 29703 | Snake:3  | Noticed Aizul
 29728 | Snake:3  | Killed Aizul
 30385 | Snake:3  | Reached XP level 17. HP: 164/169 MP: 16/16
 30502 | Snake:3  | HP: 4/169 [anaconda (18)]
 30503 | Snake:3  | HP: 1/169 [anaconda (4)]
 30503 | Snake:3  | Slain by an anaconda

Illustrated notes

Levels and vault maps discovered:
D:1:      dpeg_chamrin_arrival_tetris, layout_basic
D:2:      layout_basic, minitemple,
          nicolae_gozag_cash_rules_everything_around_me
D:3:      layout_basic
D:4:      layout_loops_ring, led_xom_imps
D:5:      layout_loops_ring, kennysheep_mini, lemuel_coloured_pillars_altar,
          nicolae_tso_besieged_by_evil, basic_altar, gammafunk_ghost_arena,
          minmay_misc_feat_rugged, uniq_edmund
D:6:      layout_gridville, lemuel_doored_altar
D:7:      minmay_the_grid_triangle_9x9_rhombus_thin
          [minmay_the_grid_triangle_9x9_impossible_snake,
          minmay_the_grid_triangle_9x9_prize_special,
          minmay_the_grid_triangle_9x9_wacky_v,
          minmay_the_grid_triangle_9x9_tough_junction], layout_cave_pods,
          zin_treasury, lemuel_round_altar, eat_drink_and_be_merry_uskayaw,
          temple_statues, basic_altar, minmay_manual_moon
D:8:      layout_loops_ring, grunt_ministairs_13
D:9:      layout_basic, lemuel_round_altar, uniq_maurice
D:10:     layout_big_octagon, david_orc_4, water_maze_lemuel
D:11:     layout_layer_cave, dpeg_lair_monsters
D:12:     kennysheep_scales, layout_cave_pools, kennysheep_cross_room,
          minmay_shattered_shrine, uniq_fannar
D:13:     layout_grid_maze, gauntlet_entry_generic, special_room
          [special_room_orc], uniq_frances
D:14:     layout_long_grid, skrybe_vaults_entry_preservation, serial_bayou,
          serial_bayou_pond_a, serial_bayou_pond_d, serial_bayou_pond_b,
          serial_bayou_lagoon_b, hangedman_abyss_or_decor_stagger
D:15:     hangedman_depths_entry_try_elsewhere_first, layout_basic,
          hangedman_decor_opposing, uniq_nessos
Temple:   minmay_temple_curvy_loop
Lair:1:   layout_roguey, minmay_lair_oklob_chamber, grunt_megastairs_2,
          infiniplex_staircase_pool_2, lemuel_fruit_tree
Lair:2:   layout_loops_ring, skrybe_swamp_entry_bodies,
          infiniplex_staircase_pool
Lair:3:   layout_roguey, dummy_snake_entry, portal_ice_cave_demonic_guard,
          grunt_megastairs_5, uniq_urug, uniq_snorg
Lair:4:   gammafunk_cloud_chamber, layout_regular_city,
          gammafunk_lair_bear_cave, serial_bayou_shore_a, uniq_sonja
Lair:5:   layout_hall_layers, nicolae_slime_entry_slimehenge,
          nicolae_volcano_entry_batcave
Lair:6:   wormcave, layout_regular_city, guppyfry_lair_end_dragon,
          guppyfry_lair_drakes, uniq_josephine
Snake:1:  layout_chambers, ebering_ghost_inner_flame
Snake:2:  layout_rooms, serial_shops, shop
Snake:3:  cheibrodos_forgotten_conduit, layout_onion, serial_bayou_lagoon_a,
          serial_bayou_ford_a, hangedman_venom_bottle, uniq_kirke, uniq_aizul
Orc:1:    layout_caves
Orc:2:    st_orc_mages, layout_caves

Skill      XL: |  1  2  3  4  5  6  7  8  9 10 11 12 13 14 15 16 |
---------------+-------------------------------------------------+-----
Unarmed Combat | 4 5 6 7 9 10 11 12 14 15 16 | 16.1
Dodging        | 3 5 7 9 10 11 | 11.2
Fighting       | 4 5 6 7 8 9 10 | 10.8
Armour         | 1 7 9 11 12 | 12.8
Shields        | 2 6 10 13 | 13.6
Stealth        | |  1.0

Action                   |  1- 3 |  4- 6 |  7- 9 | 10-12 | 13-15 | 16-18 || total
-------------------------+-------+-------+-------+-------+-------+-------++-------
Melee: Unarmed           |    97 |   121 |   214 |   719 |  1325 |   648 ||  3124
       Punch             |       |     1 |    13 |    52 |   101 |       ||   167
Throw: Dart              |       |       |     3 |     1 |     1 |       ||     5
       Stone             |       |       |       |     2 |       |       ||     2
       Large rock        |       |       |       |       |    13 |       ||    13
Invok: Divine Protection |       |       |       |     1 |       |       ||     1
       Lesser Healing    |       |       |       |     1 |       |       ||     1
       Greater Healing   |       |       |       |       |     2 |       ||     2
Evoke: Wand              |       |       |       |     6 |    13 |       ||    19
  Use: Scroll            |       |       |    11 |    15 |    12 |     1 ||    39
       Potion            |       |       |     1 |     1 |     4 |     5 ||    11
 Stab: Sleeping          |     3 |       |     1 |     2 |       |       ||     6
       Petrified         |       |       |       |       |     5 |       ||     5
Armor: Robe              |    41 |    32 |    66 |    25 |       |       ||   164
       Troll leather arm |       |       |       |   160 |       |       ||   160
       Ice dragon scales |       |       |       |    17 |   700 |   165 ||   882
Dodge: Dodged            |    44 |    47 |    98 |   478 |   907 |   178 ||  1752
Block: Tower shield      |       |       |       |       |   256 |   928 ||  1184
       Kite shield       |       |       |       |       |    46 |       ||    46

Table legend: (Time is in decaauts)
 A = Elapsed time spent in this place.
 B = Non-inter-level travel time spent in this place.
 C = Inter-level travel time spent in this place.
 D = Time resting spent in this place.
 E = Time spent auto-exploring this place.
 F = Levels seen in this place.
 G = Mean time per level.
                   A        B        C        D        E       F      G
               +--------+--------+--------+--------+--------+-----+--------+
         Total |  29935 |  27594 |   2341 |   4543 |  16331 |  30 |  997.8 |
       Dungeon |  15138 |  13857 |   1281 |   1610 |   9224 |  15 | 1009.2 |
        Temple |    220 |    201 |     19 |      0 |    189 |   1 |  220.0 |
          Lair |   6686 |   6059 |    627 |    458 |   4175 |   6 | 1114.3 |
     Snake Pit |   3647 |   3323 |    324 |    534 |   1691 |   3 | 1215.7 |
  Orcish Mines |   2207 |   2118 |     89 |    946 |    779 |   2 | 1103.5 |
      Ice Cave |    325 |    325 |      0 |     49 |     14 |   1 |  325.0 |
       Volcano |    266 |    266 |      0 |      0 |    131 |   1 |  266.0 |
      Gauntlet |   1444 |   1444 |      0 |    945 |    127 |   1 | 1444.0 |
               +--------+--------+--------+--------+--------+-----+--------+

Top non-repeatable levels by time:
   Orc:2: 1795 daAuts
    D:11: 1702 daAuts
     D:7: 1537 daAuts
  Lair:6: 1530 daAuts
Gauntlet: 1444 daAuts
 Snake:1: 1338 daAuts
  Lair:1: 1321 daAuts
 Snake:2: 1312 daAuts
    D:10: 1260 daAuts
    D:14: 1226 daAuts
  Lair:3: 1128 daAuts
    D:12: 1119 daAuts
     D:5: 1038 daAuts
  Lair:4: 1026 daAuts
    D:13: 1018 daAuts
